 Dungeon Crawl Stone Soup version 0.29.1-15-g9cfb28693d (webtiles) character file.

Game seed: 17946424565425681550

23 H0rd4k the Charlatan (level 3, -1/24 HPs)
             Began as an Octopode Artificer on Mar 15, 2023.
             Slain by a quokka (4 damage)
             ... on level 1 of the Dungeon.
             The game lasted 00:00:31 (511 turns).

H0rd4k the Charlatan (Octopode Artificer)            Turns: 511, Time: 00:00:31

Health: -1/24      AC:  1    Str: 11    XL:     3   Next: 0%
Magic:  4/4        EV: 13    Int: 15    God:
Gold:   32         SH:  0    Dex: 12    Spells: 4/4 levels left

rFire   . . .      SeeInvis .   (no weapon)
rCold   . . .      Faith    .   (no shield)
rNeg    . . .      Spirit   .   (helmet restricted)
rPois   .          Reflect  .   (no amulet)
rElec   .          Harm     .   (no ring)
rCorr   .          Rampage  .   (no ring)
Will    .....                   (no ring)
Stlth   +++.......              (no ring)
HPRegen 0.08/turn               (no ring)
MPRegen 0.09/turn               (no ring)
                                (no ring)
                                (no ring)

@: no status effects
A: almost no armour, amphibious, 8 rings, camouflage 1, gelatinous body 1,
(nimble swimmer 1), tentacles
a: no special abilities


You were on level 1 of the Dungeon.
You visited 1 branch of the dungeon, and saw 1 of its levels.

You collected 32 gold pieces.

Inventory:

Missiles
 a - a throwing net
 g - 3 poisoned darts
Jewellery
 h - a ring of flight
Wands
 b - a wand of flame (15) (quivered)
 c - a wand of charming (13)
 d - a wand of iceblast (5)
Scrolls
 e - a scroll of silence {unknown}
Potions
 f - 2 potions of curing {unknown}


   Skills:
 * Level 2.1 Fighting
 - Level 2.3 Dodging
 - Level 1.3 Stealth
 + Level 0.5 Unarmed Combat
 * Level 1.2 Spellcasting
 - Level 3.2 Evocations


You had 4 spell levels left.
You didn't know any spells.
Your spell library was empty.

Dungeon Overview and Level Annotations

Branches:
Dungeon (1/15)

Altars:


Innate Abilities, Weirdness & Mutations

You cannot wear most types of armour.
You are amphibious.
You can wear up to eight rings at the same time.
Your skin changes colour to match your surroundings (Stealth+).
Your rubbery body absorbs attacks. (AC +1, EV +1)
((You are camouflaged when in or above water. (Stealth+)))
You have tentacles for arms and can constrict up to eight enemies at once.


Message History

The hobgoblin closely misses you.
There are monsters nearby!
You barely miss the hobgoblin.
The hobgoblin is severely wounded.
You constrict the hobgoblin. The hobgoblin closely misses you.
The quokka closely misses you.
There are monsters nearby!
You tentacle-slap the hobgoblin.
You kill the hobgoblin!
The bat misses you. The bat hits you but does no damage. The quokka bites you.
You have reached level 3!
Your experience leads to an increase in your attributes!
Increase (S)trength, (I)ntelligence, or (D)exterity?
You feel clever. x2
The quokka attacks as you move away! The quokka bites you. The bat hits you.
You closely miss the bat. Your grab misses the bat. The bat closely misses you.
You miss the quokka. Your grab misses the quokka. The quokka bites you.
* * * LOW HITPOINT WARNING * * *
The quokka closely misses you.
You closely miss the quokka. Your grab misses the quokka.
The quokka barely misses you.
You closely miss the quokka. Your grab misses the quokka. The quokka bites you.
* * * LOW HITPOINT WARNING * * *
You tentacle-slap the quokka. You grab the quokka.
The quokka is heavily wounded.
You constrict the quokka, but do no damage.
The quokka misses you.
Aiming: Charm
Press: ? - help, Shift-Dir - straight line, f - quokka
Aim: a quokka (heavily wounded, constricted by you, chance to affect: 73%)
The quokka struggles to resist.
You constrict the quokka.
The quokka twitches its whiskers.
The quokka closely misses you.
Unknown command.
Aiming: Charm
Press: ? - help, Shift-Dir - straight line, f/p - quokka
Aim: a quokka (severely wounded, constricted by you, chance to affect: 73%)
The quokka struggles to resist.
You constrict the quokka. The quokka closely misses you. The quokka bites you.
You die...

## . #. .# #
# .# .# #.#!
#..#
#.#)##[#..#
#..#rb#.. #
#.#@##.#..#
#.........#
###..##...#
##..#...#
#..#...#
#..#...# .
##.....# ..
..
#..†..###...
..# ♣♣♣
###.........


You could see a quokka and a bat.

Vanquished Creatures
  2 dart slugs (D:1)
  3 bats (D:1)
  2 endoplasms (D:1)
  2 giant cockroaches (D:1)
  A goblin (D:1)
  4 hobgoblins (D:1)
  A ball python (D:1)
  A frilled lizard (D:1)
  A rat (D:1)
17 creatures vanquished.

Notes
Turn   | Place    | Note
-------+----------+-------------------------------------------
     0 | D:1      | H0rd4k the Octopode Artificer began the quest for the Orb.
     0 | D:1      | Reached XP level 1. HP: 13/13 MP: 1/1
   237 | D:1      | Reached XP level 2. HP: 18/18 MP: 2/2
   349 | D:1      | Reached skill level 1 in Spellcasting
   504 | D:1      | Reached XP level 3. HP: 13/24 MP: 4/4
   511 | D:1      | Slain by a quokka

Illustrated notes

Levels and vault maps discovered:
D:1:      tarquinn_simple_flora_water_d, layout_rooms, serial_forest,
          infiniplex_forest_corner_2, infiniplex_forest_end_1,
          infiniplex_forest_end_1, infiniplex_forest_lined_1,
          infiniplex_forest_lined_3, infiniplex_forest_lined_room_,
          infiniplex_forest_fountain, infiniplex_forest_clump_C,
          minmay_small_reverse_x

Skill      XL: |  1  2 |
---------------+-------+-----
Spellcasting   | 1 |  1.2
Fighting       | 2 |  2.1
Dodging        | |  2.3
Stealth        | |  1.3
Unarmed Combat | |  0.5
Evocations     | |  3.2

Action                   || total
-------------------------++-------
Melee: Unarmed           ||    43
       Tentacles         ||    11
       Constrict         ||    10
       Punch             ||     1
Evoke: Wand              ||     2
 Stab: Sleeping          ||     6
Armor: Skin              ||     2
Dodge: Dodged            ||    24
